 Dungeon Sprint DCSS version 0.19-a0-1932-g59670f6 (webtiles) character file.

3391 poirepourri the Unseen (level 9, -7/41 HPs)
             Began as a Spriggan Enchanter on Oct 25, 2016.
             Was an Elder of Dithmenos.
             Mangled by Sigmund
             ... wielding a +2 scythe of distortion
              (22 damage)
             ... in the Dungeon (Sprint III: "The Ten Rune Challenge").
             The game lasted 00:03:35 (1174 turns).

poirepourri the Unseen (Spriggan Enchanter)         Turns: 1174, Time: 00:03:36

Health: -7/41      AC:  3    Str:  4    XL:     9   Next: 74%
Magic:  4/26       EV: 27    Int: 16    God:    Dithmenos [****..]
Gold:   37         SH:  0    Dex: 20    Spells: 5 memorised, 21 levels left

rFire  . . .     SeeInvis +     e - +1 dagger (speed)
rCold  . . .     Gourm    .     b - +1 robe
rNeg   . . .     Faith    .     (shield restricted)
rPois  .         Spirit   .     (helmet restricted)
rElec  .         Reflect  .     (no cloak)
rCorr  .         Harm     .     (gloves unavailable)
MR     +....     NoTele   +     (boots unavailable)
Stlth  ++++++++++               (no amulet)
                                (no ring)
                                (no ring)

@: very slightly contaminated, slowed, wreathed by umbra, invisible, quick
A: unfitting armour, see invisible, herbivore 3, speed 3, slow metabolism 2
a: Shadow Step, Renounce Religion


You were in the Dungeon.
You worshipped Dithmenos.
Dithmenos was greatly pleased with you.
You were not hungry.

You visited 1 branch You collected 37 gold pieces.

Inventory:

Hand Weapons
 e - a +1 dagger of speed (weapon)
Armour
 b - a +1 robe (worn)
Wands
 k - a wand of flame (21/48)
 l - a wand of random effects (26/48)
Scrolls
 j - 2 scrolls of blinking
 p - a scroll of holy word {unknown}
Potions
 f - 2 potions of mutation
 g - 2 potions of haste
 h - a potion of magic
 n - 2 potions of cure mutation
Books
 a - a book of Misfortune

   Spells                             Type                      Level
   a - Confusing Touch                Hexes                        1
   b - Confuse                        Hexes                        3
   c - Gell's Gravitas                Hexes/Translocation          3
   d - Petrify                        Transmutation/Earth          4
   e - Metabolic Englaciation         Hexes/Ice                    5
   f - Yara's Violent Unravelling     Hexes/Transmutation          5
 c - a book of Maledictions

   Spells                             Type                      Level
   a - Corona                         Hexes                        1
   b - Ensorcelled Hibernation        Hexes/Ice                    2
   c - Confuse                        Hexes                        3
   d - Tukima's Dance                 Hexes                        3
   e - Dazzling Spray                 Conjuration/Hexes            3
 i - a book of Minor Magic

   Spells                             Type                      Level
   a - Magic Dart                     Conjuration                  1
   b - Blink                          Translocation                2
   c - Call Imp                       Summoning                    2
   d - Repel Missiles                 Charms/Air                   2
   e - Slow                           Hexes                        2
   f - Conjure Flame                  Conjuration/Fire             3
   g - Mephitic Cloud                 Conjuration/Poison/Air       3
Comestibles
 d - a bread ration
 q - 3 fruits
 r - a royal jelly


   Skills:
 + Level 1.1 Fighting
 + Level 4.6 Short Blades
 + Level 10.0 Dodging
 + Level 18.0 Stealth
 + Level 12.5 Spellcasting
 + Level 13.1 Hexes
 + Level 7.4 Ice Magic


You had 21 spell levels left.
You knew the following spells:

 Your Spells              Type           Power        Failure   Level  Hunger
a - Corona                Hex            ######.      1%          1    None
b - Ensorcelled Hibernat  Hex/Ice        #####.       1%          2    None
c - Confuse               Hex            ######..     1%          3    None
d - Tukima's Dance        Hex            ######..     1%          3    None
e - Dazzling Spray        Conj/Hex       ####..       1%          3    None


Dungeon Overview and Level Annotations

Branches:
Dungeon (1/1)

Altars:
Cheibriados
Dithmenos
Elyvilon
Fedhas
Gozag
Hepliaklqana
Kikubaaqudgha
Makhleb
Nemelex Xobeh
Okawaru
Qazlal
Ru
Sif Muna
Trog
Uskayaw
Vehumet
Xom
Yredelemnul
Zin
The Shining One
Beogh
Jiyva
Lugonu

Annotations:
D Edmund, Sigmund


Innate Abilities, Weirdness & Mutations

You are very small and have problems with some larger weapons.
You are too small for most types of armour.
You have supernaturally acute eyesight. (SInv)
You are a herbivore.
You cover ground extremely quickly.
You need consume almost no food.


Message History

Press: ? - help, Shift-Dir - straight line, f/p - Sigmund
Aim: Sigmund, wielding a scythe of distortion (moderately wounded, slightly transparent, umbra)
The spray of energy hits Edmund.
Edmund is almost dead.
Edmund shouts!
Edmund is dazzled.
The spray of energy hits the plant.
The plant is lightly damaged.
Sigmund completely misses you.
Casting: Dazzling Spray
Confirm with . or Enter, or press ? or * to list all spells.
Aiming: Dazzling Spray
Press: ? - help, Shift-Dir - straight line, f/p - Sigmund
Aim: Sigmund, wielding a scythe of distortion (moderately wounded, slightly transparent, umbra)
The spray of energy hits Sigmund.
Sigmund is moderately wounded.
Sigmund is dazzled.
The spray of energy misses Edmund.
Sigmund hits you from afar with a scythe of distortion.
Space warps horribly around you!
Ouch! That really hurt!
You die...

#####################
...#)#)#..)..#......+
.#))#.##.###.#...^..#
#.#.#.##.#..##.^....#
..#..#..##..'.^^....#
▓▓▓▓▓▓▓▓▓▓▓▓#(......#
......≈≈≈...#......(#
≈≈≈≈≈≈≈≈♣♣P.'@..@...#
♣♣♣♣♣♣♣♣♣♣PP#.(.....#
♣♣♣##@###### #...+
#..@# #...# #####


You could see Edmund (blind) and Sigmund (blind).

Vanquished Creatures
  Erolcha (D)
  A deep elf mage (D)
  3 wandering mushrooms (D)
  2 redbacks (D)
  A shadow (D)
  2 hill giants (D)
  A spatial vortex (D)
  A necrophage (D)
  3 two-headed ogres (D)
  A water elemental (D)
  A jelly (D)
  A wizard (D)
  Jessica (D)
  A necromancer (D)
  3 humans (D)
  A kobold demonologist (D)
  A wolf (D)
  3 rats (D)
28 creatures vanquished.

Vanquished Creatures (others)
  2 draconian scorchers (D)
  6 hellions (D)
  2 yaktaurs (D)
10 creatures vanquished.

Grand Total: 38 creatures vanquished

Notes
Turn   | Place    | Note
-------+----------+-------------------------------------------
     0 | D        | poirepourri the Spriggan Enchanter began the quest for the Orb.
     0 | D        | Reached XP level 1. HP: 9/9 MP: 5/5
    18 | D        | Noticed Jessica
    22 | D        | Killed Jessica
    22 | D        | Reached skill level 7 in Stealth
    22 | D        | Reached skill level 5 in Hexes
    22 | D        | Reached XP level 2. HP: 13/13 MP: 5/7
    33 | D        | Learned a level 2 spell: Ensorcelled Hibernation
    71 | D        | Reached XP level 3. HP: 16/16 MP: 2/9
    77 | D        | Reached skill level 8 in Stealth
    93 | D        | Killed a hellion
   109 | D        | Learned a level 3 spell: Confuse
   113 | D        | Learned a level 3 spell: Tukima's Dance
   114 | D        | Killed a hellion
   117 | D        | Killed a hellion
   118 | D        | Killed a hellion
   214 | D        | Killed a white draconian scorcher
   231 | D        | Killed a hellion
   284 | D        | Noticed a water elemental
   287 | D        | Killed a water elemental
   287 | D        | Reached skill level 5 in Dodging
   287 | D        | Reached skill level 9 in Stealth
   287 | D        | Reached skill level 5 in Spellcasting
   287 | D        | Reached skill level 1 in Ice Magic
   287 | D        | Reached XP level 4. HP: 21/21 MP: 12/12
   291 | D        | Found a radiant altar of Vehumet.
   291 | D        | Found a deep blue altar of Sif Muna.
   291 | D        | Found an ancient bone altar of Kikubaaqudgha.
   291 | D        | Noticed a wizard
   296 | D        | Killed a wizard
   296 | D        | Reached XP level 5. HP: 24/24 MP: 4/14
   307 | D        | Killed a hellion
   316 | D        | Noticed an ice devil
   326 | D        | Reached skill level 10 in Stealth
   381 | D        | Killed a white draconian scorcher
   470 | D        | Killed a yaktaur
   477 | D        | Found a glowing silver altar of Zin.
   477 | D        | Found a glowing golden altar of the Shining One.
   477 | D        | Found a white marble altar of Elyvilon.
   478 | D        | Noticed a deep elf mage
   487 | D        | Killed a deep elf mage
   487 | D        | Reached skill level 12 in Stealth
   487 | D        | Reached skill level 10 in Hexes
   487 | D        | Reached XP level 6. HP: 28/28 MP: 8/18
   487 | D        | Reached XP level 7. HP: 32/32 MP: 8/20
   512 | D        | Killed a yaktaur
   562 | D        | Found a basalt altar of Yredelemnul.
   562 | D        | Found a shadowy altar of Dithmenos.
   562 | D        | Found a sacrificial altar of Ru.
   571 | D        | Became a worshipper of Dithmenos the Shadowed
   579 | D        | Found a hide-covered altar of Uskayaw.
   579 | D        | Found a roughly hewn altar of Beogh.
   579 | D        | Found an iron altar of Okawaru.
   579 | D        | Found a bloodstained altar of Trog.
   579 | D        | Noticed a human
   580 | D        | Noticed a human
   592 | D        | Killed a human
   592 | D        | Reached skill level 13 in Stealth
   592 | D        | Reached skill level 5 in Ice Magic
   594 | D        | Killed a human
   594 | D        | Reached XP level 8. HP: 37/37 MP: 13/22
   659 | D        | Reached * piety under Dithmenos
   659 | D        | Reached skill level 14 in Stealth
   659 | D        | Reached skill level 10 in Spellcasting
   683 | D        | Found a blossoming altar of Fedhas.
   683 | D        | Found a stormy altar of Qazlal.
   683 | D        | Found a snail-covered altar of Cheibriados.
   683 | D        | Found a burning altar of Makhleb.
   683 | D        | Found a shimmering altar of Xom.
   684 | D        | Found a hazy altar of Hepliaklqana.
   684 | D        | Found an opulent altar of Gozag.
   684 | D        | Found a sparkling altar of Nemelex Xobeh.
   684 | D        | Found a corrupted altar of Lugonu.
   684 | D        | Found a viscous altar of Jiyva.
   701 | D        | Reached ** piety under Dithmenos
   703 | D        | Reached skill level 1 in Fighting
   733 | D        | Reached skill level 15 in Stealth
   793 | D        | Noticed Erolcha
   807 | D        | Reached *** piety under Dithmenos
   866 | D        | Killed Erolcha
   866 | D        | Reached skill level 17 in Stealth
   866 | D        | Reached XP level 9. HP: 41/41 MP: 7/25
  1011 | D        | Noticed a wandering mushroom
  1016 | D        | Noticed a wandering mushroom
  1020 | D        | Noticed a wandering mushroom
  1020 | D        | Killed a wandering mushroom
  1020 | D        | Reached **** piety under Dithmenos
  1020 | D        | Reached skill level 10 in Dodging
  1023 | D        | Killed a wandering mushroom
  1028 | D        | Killed a wandering mushroom
  1028 | D        | Reached skill level 18 in Stealth
  1118 | D        | Learned a level 3 spell: Dazzling Spray
  1151 | D        | Noticed Sigmund
  1151 | D        | Noticed Edmund
  1174 | D        | Mangled by Sigmund

Vault maps used:
D:        dungeon_sprint_mu

Skill      XL: |  1  2  3  4  5  6  7  8  9 |
---------------+----------------------------+-----
Dodging        | 4 5 8 9 10 | 10.0
Stealth        | 7 9 12 13 17 18 | 18.0
Spellcasting   | 3 4 5 8 9 11 12 | 12.5
Hexes          | 5 6 7 10 11 12 13 | 13.1
Ice Magic      | 1 4 5 6 7 |  7.4
Short Blades   | 3 4 |  4.6
Fighting       | 1 |  1.1

Action                   |  1- 3 |  4- 6 |  7- 9 || total
-------------------------+-------+-------+-------++-------
Melee: Dagger            |    19 |     5 |    21 ||    45
 Cast: Ensorcelled Hiber |     3 |    10 |    18 ||    31
       Confuse           |       |     1 |     8 ||     9
       Dazzling Spray    |       |       |     8 ||     8
  Use: Potion            |     2 |     2 |     3 ||     7
       Scroll            |     5 |       |       ||     5
 Stab: Sleeping          |     3 |     2 |    15 ||    20
       Confused          |       |     1 |     2 ||     3
Armor: Robe              |     2 |     2 |       ||     4
Dodge: Dodged            |    16 |    27 |    17 ||    60
